 Dungeon Crawl Stone Soup version 0.26-a0-58-g79b31b8662 (webtiles) character file.

Game seed: 13964227382256968782

86 BritishOli the Slasher (level 4, -2/35 HPs)
             Began as a Demonspawn Monk on June 8, 2020.
             Slain by an orc wizard
             ... wielding a +0 dagger
              (4 damage)
             ... on level 3 of the Dungeon.
             The game lasted 00:01:51 (1963 turns).

BritishOli the Slasher (Demonspawn Monk)            Turns: 1963, Time: 00:01:52

Health: -2/35      AC:  0    Str: 12    XL:     4   Next: 26%
Magic:  4/4        EV: 14    Int: 11    God:
Gold:   159        SH:  0    Dex: 16    Spells: 3/3 levels left

rFire    . . .     SeeInvis .   a - +0 falchion
rCold    . . .     Gourm    .   (no shield)
rNeg     . . .     Faith    .   b - +0 robe
rPois    .         Spirit   .   (no helmet)
rElec    .         Reflect  .   (no cloak)
rCorr    .         Harm     .   (no gloves)
MR       .....                  (no boots)
Stlth    ++........             (no amulet)
HPRegen  0.11/turn              m - -4 ring of protection (curse)
MPRegen  0.09/turn              (no ring)

@: no status effects
A: slimy green scales 1, demonic guardian 1
a: no special abilities


You were on level 3 of the Dungeon.
You were not hungry.

You visited 1 branch of the dungeon, and saw 3 of its levels.

You collected 159 gold pieces.

Inventory:

Hand Weapons
 a - a +0 falchion (weapon)
Armour
 b - a +0 robe (worn)
Jewellery
 m - a cursed -4 ring of protection (left hand)
Wands
 o - a wand of polymorph (4)
Scrolls
 f - a scroll of fog
 l - a scroll of identify {unknown}
 n - 2 scrolls of teleportation
 p - a scroll of amnesia {unknown}
Potions
 d - a potion of flight {unknown}
 e - 2 potions of might {unknown}
 g - a potion of brilliance {unknown}
 h - 2 potions of haste {unknown}
 i - 2 potions of heal wounds {unknown}
 j - a potion of curing {unknown}
 k - a potion of lignification {unknown}
Comestibles
 c - 6 rations


   Skills:
 + Level 3.5 Fighting
 * Level 3.6 Long Blades
 + Level 1.3 Armour
 + Level 3.2 Dodging
 - Level 1.7 Stealth


You had 3 spell levels left.
You didn't know any spells.
Your spell library was empty.

Dungeon Overview and Level Annotations

Branches:
Dungeon (3/15)

Altars:
Fedhas
Gozag
Uskayaw


Innate Abilities, Weirdness & Mutations

You are partially covered in slimy green scales. (AC +2)
A weak demonic guardian rushes to your aid.


Message History

You hit the orc.
The orc is severely wounded.
You closely miss the orc.
The orc is severely wounded.
The orc hits you with a +0 trident!
You hit the orc.
You kill the orc!
You hear some strange, mumbled words.
A puff of flame appears from out of thin air!
The puff of flame hits you.
You miss something. Something hits you.
You closely miss something. Something completely misses you.
You barely miss something. Something hits you.
* * * LOW HITPOINT WARNING * * *
You closely miss something. Something barely misses you.
You hit something. Something hits you but does no damage.
You miss something. Something hits you!
* * * LOW HITPOINT WARNING * * *
Something hits you.
You die...

...#..#.##..# .#
...#........##.# ..
##.#........# .
#.####....## . ..#
#.{..# ########
#.......#.## #.....<#
#.#######.#
#.##......#
#.#########.##.#(####
#.)o{@.........#.#
###########.####.#
#... ..# ########


You could see an orc.

Vanquished Creatures
  A hound (D:2)
  A dart slug (D:1)
  2 leopard geckos
  2 orcs (D:3)
  A giant cockroach (D:1)
  4 goblins
  3 hobgoblins (D:1)
  8 kobolds
  2 ball pythons
  4 bats (D:1)
  4 frilled lizards
  4 rats
36 creatures vanquished.

Vanquished Creatures (collateral kills)
  Terence (D:2)
  An adder (D:3)
  An orc (D:3)
3 creatures vanquished.

Grand Total: 39 creatures vanquished

Notes
Turn   | Place    | Note
-------+----------+-------------------------------------------
     0 | D:1      | BritishOli the Demonspawn Monk began the quest for the Orb.
     0 | D:1      | Reached XP level 1. HP: 18/18 MP: 1/1
   261 | D:1      | Gained mutation: You are partially covered in slimy green
                  | scales. (AC +2) [demonic ancestry]
   261 | D:1      | Reached XP level 2. HP: 24/24 MP: 2/2
   822 | D:2      | Found an opulent altar of Gozag.
   882 | D:2      | Gained mutation: A weak demonic guardian rushes to your
                  | aid. [demonic ancestry]
   882 | D:2      | Reached XP level 3. HP: 24/29 MP: 3/3
   988 | D:2      | Found a blossoming altar of Fedhas.
   993 | D:2      | Found a hide-covered altar of Uskayaw.
  1187 | D:2      | Reached skill level 1 in Armour
  1276 | D:2      | Noticed Terence
  1286 | D:2      | Killed Terence
  1286 | D:2      | Reached XP level 4. HP: 35/35 MP: 4/4
  1963 | D:3      | Slain by an orc wizard

Illustrated notes

Levels and vault maps discovered:
D:1:      lightli_iron_boxes, layout_basic, minmay_tetromino_i4
D:2:      minmay_kobold_bridge, layout_basic, fedhas_ov_isle_minmay,
          nicolae_gozag_seed_capital, lemuel_altar_in_water, uniq_terence
D:3:      layout_loops_cross, nicolae_overflow_crystal_walls, marbit_many_paths,
          kennysheep_nondescript, uniq_grinder

Skill      XL: |  1  2  3 |
---------------+----------+-----
Long Blades    | 3 |  3.6
Dodging        | 3 |  3.2
Armour         | 1 |  1.3
Fighting       | |  3.5
Stealth        | |  1.7

Action                   |  1- 3 |  4- 6 || total
-------------------------+-------+-------++-------
Melee: Falchion          |    69 |    19 ||    88
  Use: Scroll            |     4 |       ||     4
 Stab: Sleeping          |     7 |       ||     7
       Distracted        |       |     1 ||     1
  Eat: Chunk             |     1 |     2 ||     3
Armor: Robe              |     7 |       ||     7
       Skin              |     2 |       ||     2
Dodge: Dodged            |    53 |    21 ||    74
       Rpst.: Falchion   |    20 |     5 ||    25

Table legend:
 A = Non-vault XP
 B = Vault XP
 C = Vault XP percentage of total XP
 D = Non-vault monster count
 E = Vault monster count
 F = Vault count percentage of total count
                 A         B        C        D         E       F
            +---------+---------+-------+---------+---------+-------
      Total |      89 |      34 |  27.6 |      32 |       7 |  17.9
            +---------+---------+-------+---------+---------+-------
        D:1 |      35 |       3 |   7.9 |      21 |       2 |   8.7
        D:2 |      39 |      31 |  44.3 |       6 |       5 |  45.5
        D:3 |      15 |       0 |   0.0 |       5 |       0 |   0.0
            +---------+---------+-------+---------+---------+-------
